 Dungeon Crawl Stone Soup version 0.25.0-26-g0c896c7088 (webtiles) character file.

Game seed: 17430633249396798631

49 Exodus22XD the Ducker (level 3, 0/27 HPs)
             Began as a Demonspawn Gladiator on July 4, 2020.
             Slain by a frilled lizard (1 damage)
             ... on level 2 of the Dungeon.
             The game lasted 00:02:01 (793 turns).

Exodus22XD the Ducker (Demonspawn Gladiator)         Turns: 793, Time: 00:02:02

Health: 0/27       AC:  9    Str: 15    XL:     3   Next: 51%
Magic:  3/3        EV:  7    Int:  9    God:
Gold:   61         SH:  0    Dex: 14    Spells: 2/2 levels left

rFire    . . .     SeeInvis .   a - +0 trident
rCold    . . .     Gourm    .   (no shield)
rNeg     . . .     Faith    .   m - +0 chain mail
rPois    .         Spirit   .   c - +0 helmet
rElec    .         Reflect  .   (no cloak)
rCorr    .         Harm     .   (no gloves)
MR       .....                  (no boots)
Stlth    ..........             (no amulet)
HPRegen  0.09/turn              (no ring)
MPRegen  0.08/turn              (no ring)

@: stab, flying, slowed, very slow
A: claws 1, rot immunity
a: no special abilities


You were on level 2 of the Dungeon.
You were not hungry.

You visited 1 branch of the dungeon, and saw 2 of its levels.

You collected 61 gold pieces.

Inventory:

Hand Weapons
 a - a +0 trident (weapon)
Missiles
 d - 3 throwing nets (quivered)
Armour
 c - a +0 helmet (worn)
 m - a +0 chain mail (worn)
Scrolls
 e - 2 scrolls of teleportation {unknown}
 g - a scroll of fog {unknown}
 j - a scroll of identify {unknown}
 k - a scroll of magic mapping {unknown}
Comestibles
 f - a ration
 h - a chunk of flesh


   Skills:
 + Level 2.2 Fighting
 + Level 3.3 Polearms
 - Level 1.7 Throwing
 + Level 0.5 Armour
 + Level 3.3 Dodging
 + Level 0.1 Stealth


You had 2 spell levels left.
You didn't know any spells.
Your spell library was empty.

Dungeon Overview and Level Annotations

Branches:
Dungeon (2/15)

Altars:

Annotations:
D:2 Jessica


Innate Abilities, Weirdness & Mutations

You have sharp fingernails.
You are immune to rotting.


Message History

Your chain mail prevents you from hitting something.
Something hits you but does no damage.
You hear some strange, mumbled words.
Your chain mail prevents you from hitting the frilled lizard.
The frilled lizard bites you but does no damage. x2
You closely miss the frilled lizard.
The frilled lizard bites you but does no damage.
The frilled lizard bites you.
* * * LOW HITPOINT WARNING * * *
You closely miss the frilled lizard. The frilled lizard barely misses you.
The frilled lizard closely misses you.
You closely miss the frilled lizard.
The frilled lizard bites you but does no damage.
You closely miss the frilled lizard.
The frilled lizard unfolds its giant frill.
The frilled lizard bites you.
* * * LOW HITPOINT WARNING * * *
The frilled lizard barely misses you. The frilled lizard bites you.
You die...

#. ....... #
.#.....
####.......
....#...#
.####....# ##
..)....<###.####
####...#.#.....#
#.###l....?.. #
#@#####.# #..#
...# ###.# .# .#
.# .#


You could see a frilled lizard.

Vanquished Creatures
  Terence (D:2)
  6 giant cockroaches (D:1)
  3 goblins (D:1)
  2 hobgoblins (D:1)
  4 bats (D:1)
  3 frilled lizards (D:1)
  A kobold (D:1)
  2 rats (D:1)
22 creatures vanquished.

Notes
Turn   | Place    | Note
-------+----------+-------------------------------------------
     0 | D:1      | Exodus22XD the Demonspawn Gladiator began the quest for the
                  | Orb.
     0 | D:1      | Reached XP level 1. HP: 16/16 MP: 1/1
   206 | D:1      | Gained mutation: You are immune to rotting. [demonic
                  | ancestry]
   206 | D:1      | Reached XP level 2. HP: 22/22 MP: 2/2
   767 | D:2      | Noticed Jessica
   767 | D:2      | Noticed Terence
   782 | D:2      | Killed Terence
   782 | D:2      | Gained mutation: You have sharp fingernails. [demonic
                  | ancestry]
   782 | D:2      | Reached XP level 3. HP: 6/27 MP: 3/3
   792 | D:2      | HP: 1/27 [frilled lizard (2)]
   793 | D:2      | Slain by a frilled lizard

Illustrated notes

Levels and vault maps discovered:
D:1:      heliophobic_arrival_ceremonial_halls, layout_loops_ring
D:2:      kennysheep_big_flooded_room, layout_loops_ring,
          nicolae_gozag_seed_capital, fedhas_altar_fruit_tree,
          chequers_ecumenical_altar_lobes, minmay_hexomino_u4, uniq_jessica,
          uniq_terence

Skill      XL: |  1 |
---------------+----+-----
Dodging        | 3 |  3.3
Polearms       | 3 |  3.3
Fighting       | |  2.2
Throwing       | |  1.7
Armour         | |  0.5
Stealth        | |  0.1

Action                   || total
-------------------------++-------
Melee: Trident           ||    81
  Use: Potion            ||     2
 Stab: Sleeping          ||     1
Armor: Leather armour    ||    13
       Chain mail        ||    14
Dodge: Dodged            ||    42
